 Dungeon Crawl Stone Soup version 0.30-a0-528-g8c47a4955b (webtiles) character file.

Game seed: 946287629947887651

49592 kae the Nimble (level 14, -14/96 HPs)
             Began as a Tengu Fire Elementalist on Dec 23, 2022.
             Was a High Priest of Vehumet.
             Killed from afar by Jorgrun (16 damage)
             ... with an iron shot
             ... while petrified by Jorgrun
             ... on level 10 of the Dungeon.
             The game lasted 00:39:43 (27012 turns).

kae the Nimble (Tengu Fire Elementalist)           Turns: 27012, Time: 00:39:44

Health: -14/96     AC: 18    Str:  9    XL:     14   Next: 51%
Magic:  19/25      EV: -1    Int: 20    God:    Vehumet [*****.]
Gold:   1692       SH:  0    Dex: 15    Spells: 8/27 levels left

rFire   + + +      SeeInvis .    e - +2 short sword (venom)
rCold   x . .      Faith    .    (no shield)
rNeg    + + +      Spirit   .    A - +0 fire dragon scales
rPois   ∞          Reflect  .    (helmet restricted)
rElec   .          Harm     .    d - +1 cloak
rCorr   .          Rampage  .    h - +1 pair of gloves
Will    +....                    (boots unavailable)
Stlth   +                        g - amulet of regeneration
HPRegen 1.16/turn                F - ring of protection from fire
MPRegen 0.19/turn                O - +4 ring of protection

@: petrified, grasped by roots, flying quickly and evasively, constricted, quick
A: beak, talons 3, nimble flight
a: Renounce Religion


You were on level 10 of the Dungeon.
You worshipped Vehumet.
Vehumet was extremely pleased with you.
You visited 4 branches of the dungeon, and saw 20 of its levels.
You also visited: Ossuary and Gauntlet.

You collected 1692 gold pieces.


Innate Abilities, Weirdness & Mutations

You have a beak for a mouth.
You have claws for feet.
Your magical nature lets you fly swiftly and evasively.


   Skills:
 - Level 14.2 Fighting
 + Level 4.5 Staves
 + Level 4.7 Armour
 - Level 14.3 Dodging
 - Level 5.0 Stealth
 + Level 7.3 Spellcasting
 - Level 10.0 Conjurations
 + Level 11.1 Fire Magic


You had 8 spell levels left.
You knew the following spells:

 Your Spells              Type           Power      Damage    Failure   Level
a - Foxfire               Conj/Fire      100%       2x1d9     1%          1
b - Scorch                Fire           100%       2d10      1%          2
c - Inner Flame           Hex/Fire       29%        N/A       8%          3
d - Flame Wave            Conj/Fire      49%        2d12      3%          4
e - Kindle Blastsparks    Fire/Tloc/Air  44%        2d13      16%         3
f - Sticky Flame          Conj/Fire      49%        2d7       3%          4
g - Momentum Strike       Conj/Tloc      54%        3d9       5%          2

Your spell library contained the following spells:

 Spells                   Type           Power      Damage    Failure   Level
 Yara's Violent Unravell  Hex/Tmut       3%         3d4       99%         5
 Magic Dart               Conj           100%       1d8       1%          1
 Searing Ray              Conj           94%        2d7       1%          2
 Fulminant Prism          Conj/Hex       13%        3d9       30%         4
 Iskenderun's Mystic Bla  Conj/Tloc      27%        2d7       30%         4
 Slow                     Hex            28%        N/A       67%         1
 Confusing Touch          Hex            7%         N/A       96%         3
 Ozocubu's Armour         Ice            7%         N/A       96%         3
 Vampiric Draining        Necr           7%         2d6       96%         3
 Lee's Rapid Deconstruct  Erth           3%         3d5*      99%         5
 Petrify                  Tmut/Erth      7%         N/A       100%        4
 Metabolic Englaciation   Hex/Ice        3%         N/A       100%        5
 Simulacrum               Ice/Necr       3%         N/A       100%        6
 Statue Form              Tmut/Erth      4%         N/A       100%        6

Inventory:

Hand Weapons
 e - a +2 short sword of venom (weapon)
   (You took it off a kobold on level 1 of the Dungeon)
 Q - a +0 lajatang
   (You found it on level 3 of the Lair of Beasts)
Missiles
 f - 29 poisoned darts
 m - 13 javelins
 n - 5 throwing nets {=f!f}
 w - 7 boomerangs
 M - 6 atropa-tipped darts
Armour
 d - a +1 cloak (worn)
   (You found it on level 1 of the Dungeon)
 h - a +1 pair of gloves (worn)
   (You found it on level 10 of the Dungeon)
 A - +0 fire dragon scales (worn)
   (You found it on level 12 of the Dungeon)
Magical Staves
 y - a staff of death {!a}
   (You found it on level 4 of the Dungeon)
 E - a staff of cold {!a}
   (You found it on level 7 of the Dungeon)
 V - a staff of cold {!a}
   (You found it on level 4 of the Lair of Beasts)
Jewellery
 g - an amulet of regeneration (around neck)
   (You found it on level 8 of the Dungeon)
 v - a ring of see invisible
   (You found it on level 1 of the Dungeon)
 D - a +6 ring of dexterity
   (You found it on level 4 of the Lair of Beasts)
 F - a ring of protection from fire (left hand)
   (You found it on level 3 of the Lair of Beasts)
 G - an amulet of guardian spirit
   (You found it on level 4 of the Lair of Beasts)
 K - the ring "Akyseng" {Str+6 Dex+6}
   (You found it on level 1 of the Lair of Beasts)

   [ring of strength]

   Str:       It affects your strength (+6).
   Dex:       It affects your dexterity (+6).
 O - a +4 ring of protection (right hand)
   (You found it on level 10 of the Dungeon)
 S - a +6 ring of strength
   (You found it on level 6 of the Dungeon)
 W - a ring of magical power
   (You found it on level 11 of the Dungeon)
 Z - a ring of wizardry
   (You found it on level 2 of the Lair of Beasts)
Wands
 t - a wand of roots (33)
   (You found it on level 3 of the Dungeon)
 x - a wand of digging (5)
   (You found it on level 4 of the Dungeon)
 H - a wand of flame (22)
   (You took it off a kobold on level 9 of the Dungeon)
 J - a wand of charming (6)
   (You found it on level 1 of the Lair of Beasts)
 R - a wand of polymorph (3)
   (You found it on level 4 of the Lair of Beasts)
 T - a wand of quicksilver (6)
   (You found it on level 10 of the Dungeon)
Scrolls
 i - 2 scrolls of fear
 j - a scroll of poison {!r}
 p - 3 scrolls of magic mapping {!r}
 q - 3 scrolls of fog
 r - 2 scrolls of butterflies
 u - 10 scrolls of teleportation {@r4}
 B - 3 scrolls of immolation {!r!r}
 P - 2 scrolls of silence {!r}
 X - a scroll of enchant armour
 Y - a scroll of enchant weapon
Potions
 b - a potion of magic
 c - 2 potions of resistance
 k - 5 potions of brilliance
 l - 12 potions of curing {@q1}
 o - 2 potions of berserk rage {!q}
 s - 5 potions of mutation {!q}
 z - a potion of attraction {!q}
 L - a potion of heal wounds {@q2}
 N - 3 potions of might
 U - 5 potions of haste {@q3}
Miscellaneous
 a - a condenser vane
   (You found it on level 5 of the Lair of Beasts)
 C - a lightning rod (4/4)
   (You found it on level 4 of the Lair of Beasts)

Dungeon Overview and Level Annotations

Branches:
Dungeon (13/15) Zot: 26784  Temple (1/1) D:6 Zot: 5889    Lair (5/5) D:10 Zot: 22319
  Swamp (0/4) Lair:3       Spider (0/4) Lair:2        Slime (0/5) Lair:4
    Orc (1/2) D:10 Zot: 5484 Ossuary (visited)         Gauntlet (visited)
 Vaults: D:13-14

Altars:
Ashenzari
Dithmenos
Elyvilon
Hepliaklqana
Kikubaaqudgha
Makhleb
Nemelex Xobeh
Qazlal
Ru
Sif Muna
Trog
Uskayaw
Vehumet
Wu Jian
Yredelemnul
Zin
The Shining One
Jiyva

Shops:
D:2 :   D:10 [

Annotations:
D:9 exclusion: two-headed ogre
D:10 Jorgrun
Orc:1 2 runed translucent doors, Laemies's ghost, journeyman DsAK

.#
##.....#.#####......#
#.# .# ###.....#
#.##.#####.# ##
#######
#..........### #
########.#####....
#..............### ##
#.######∩#######
.###############.#
#.#
..............##.#
#.#
#############.##@#
#.# #.>g.# #.# ######
#[# #.#########
#<..<......
###########


You could see Jorgrun (combustible).


Message History

You regained 2 hp, and now have 83/96 hp.
Your mp is fully restored (25). 😕 HP[+2]
You regained 2 hp, and now have 85/96 hp. 😕 HP[+1] 😕 HP[+1]
You start resting. 😎 HP[+9]
Your hp is fully restored (96).
You see here a +1 robe of positive energy.
Unknown command.
(D) Dungeon (T) Temple (L) Lair (S) Swamp (N) Spider Nest (M) Slime Pits (O) Orcish Mines
Where to? (Enter - D:13, ? - help)
What level of the Orcish Mines? (default 1, ? - help)
There is a stone staircase leading up here.
You fly upwards.
There is a stone staircase leading down here.
There is a stone staircase leading up here.
You fly upwards.
There is a stone staircase leading down here.
There is a staircase to the Orcish Mines here.
You fly downwards.
Welcome back to the Orcish Mines!
Level annotation: 2 runed translucent doors, Jorgrun; Laemies's ghost, journeyman DsAK
There is a staircase back to the Dungeon here.
Jorgrun is nearby!
Unknown command.
Jorgrun hits you but does no damage.
You fly upwards.
Welcome back to the Dungeon!
There is a staircase to the Orcish Mines here.
Casting: Flame Wave (dangerous; 3% risk of failure)
Confirm with . or Enter, or press ? or * to list all spells.
Aiming: Sticky Flame (dangerous; 3% risk of failure)
Press: ? - help, Shift-Dir - straight line, f - Jorgrun
Aim: Jorgrun, wielding a +0 vorpal quarterstaff and wearing a +0 robe The sticky flame hits Jorgrun.
Jorgrun is covered in liquid flames!
Jorgrun burns!
Jorgrun gestures at you while chanting.
Roots burst forth from the earth!
The grasping roots grab you!
The grasping roots constrict you! 😕 HP[-9] MP[-4]
You take 9 damage, and now have 87/96 hp.
You lost 4 mp, and now have 21/25 mp.
Casting: Sticky Flame (dangerous; 3% risk of failure)
Confirm with . or Enter, or press ? or * to list all spells.
Flames lash Jorgrun.
Jorgrun's fire resistance burns away.
Jorgrun burns!
Jorgrun barely misses you. The grasping roots constrict you.
Jorgrun burns!
Jorgrun hits you but does no damage.
The grasping roots constrict you! 😕 HP[-10] MP[-2]
You take 10 damage, and now have 77/96 hp.
You lost 2 mp, and now have 19/25 mp.
Casting: Scorch (safe; 1% risk of failure)
Confirm with . or Enter, or press ? or * to list all spells.
Flames lash Jorgrun.
Jorgrun is burned terribly!
Jorgrun burns!
Jorgrun stops burning.
Jorgrun casts a spell at you.
You are slowing down.
The grasping roots constrict you!
Jorgrun says, "I've ne'er se'n tha particular type o' rock formation 'fore."
Jorgrun gestures next to you while chanting.
The wall shatters!
The blast of rock fragments hits you!! The grasping roots constrict you!
* * * LOW HITPOINT WARNING * * *
Your limbs are stiffening. 😨 HP[-30] MP[-1]
You take 30 damage, and now have 47/96 hp.
MASSIVE DAMAGE!! (PAUSE)
You lost 1 mp, and now have 18/25 mp.
Unknown command.
Okay, then.
As you read the scroll of fear, it crumbles to dust.
You assume a fearsome visage.
Jorgrun resists with almost no effort.
Jorgrun hits you but does no damage. The grasping roots constrict you.
* * * LOW HITPOINT WARNING * * *
Jorgrun hits you but does no damage. The grasping roots constrict you.
* * * LOW HITPOINT WARNING * * *
You have turned to stone.
Jorgrun hits you with a +0 vorpal quarterstaff!
* * * LOW HITPOINT WARNING * * *
x2 The grasping roots constrict you.
* * * LOW HITPOINT WARNING * * *
Jorgrun hits you but does no damage. The grasping roots constrict you!
* * * LOW HITPOINT WARNING * * *
Jorgrun hits you with a +0 vorpal quarterstaff.
* * * LOW HITPOINT WARNING * * *
x2 The grasping roots constrict you.
Jorgrun casts a spell at you. The iron shot hits you!!!
* * * LOW HITPOINT WARNING * * *
The grasping roots constrict you!
* * * LOW HITPOINT WARNING * * *
Jorgrun hits you with a +0 vorpal quarterstaff.
* * * LOW HITPOINT WARNING * * *
The grasping roots constrict you.
* * * LOW HITPOINT WARNING * * *
Jorgrun casts a spell at you. The iron shot hits you!!
You die...

Skill      XL: |  1  2  3  4  5  6  7  8  9 10 11 12 13 14 |
---------------+-------------------------------------------+-----
Conjurations   | 2 3 4 6 7 9 10 | 10.0
Fire Magic     | 4 5 6 7 8 9 10 11 | 11.1
Spellcasting   | 3 4 5 6 7 |  7.3
Fighting       | 5 9 10 12 14 | 14.2
Dodging        | 4 7 9 11 14 | 14.3
Armour         | 4 |  4.7
Stealth        | 4 5 |  5.0
Staves         | 4 |  4.5

Action                   |  1- 3 |  4- 6 |  7- 9 | 10-12 | 13-15 || total
-------------------------+-------+-------+-------+-------+-------++-------
Melee: Short sword       |       |     6 |     9 |    19 |   267 ||   301
       Kick              |       |     5 |     4 |     8 |   130 ||   147
       Peck              |       |     1 |     1 |     5 |    73 ||    80
       Punch             |       |       |       |       |     1 ||     1
 Cast: Foxfire           |    46 |   119 |   170 |   148 |   124 ||   607
       Scorch            |     3 |    28 |    77 |   104 |   113 ||   325
       Inner Flame       |       |       |     6 |    29 |    23 ||    58
       Kindle Blastspark |       |       |     4 |     9 |     3 ||    16
       Flame Wave        |       |       |     2 |    40 |    44 ||    86
       Momentum Strike   |       |       |       |     3 |       ||     3
       Sticky Flame      |       |       |       |     6 |    37 ||    43
Evoke: Wand              |       |       |     5 |     2 |     4 ||    11
  Use: Scroll            |     2 |     7 |    11 |    11 |     7 ||    38
       Potion            |       |       |     1 |     5 |     3 ||     9
 Stab: Sleeping          |       |     1 |       |       |       ||     1
Armor: Robe              |     1 |    11 |    20 |    60 |   124 ||   216
       Skin              |       |       |       |    13 |       ||    13
       Fire dragon scale |       |       |       |       |    68 ||    68
Dodge: Dodged            |     2 |    39 |    76 |   248 |   583 ||   948

Levels and vault maps discovered:
D:1:      dpeg_arrival_fog, layout_loops_ring
D:2:      layout_loops_corners, serial_shops, nicolae_shop_statue_plus,
          kennysheep_generic_room_3, uniq_natasha
D:3:      layout_loops_ring, minitemple, general_overflow_altar,
          mainiacjoe_overflow_boulevard
D:4:      layout_rooms, vehumet_crystals, nicolae_sif_muna_little_library,
          mainiacjoe_overflow_surrounded_room, nicolae_ossuary_entry_monument,
          serial_bayou_crossing, uniq_grinder
D:5:      layout_loops_ring, grunt_decor_clamped, guppyfry_early_lair_pool,
          uniq_duvessa
D:6:      layout_rooms, minmay_temple_entry_junction, uniq_crazy_yiuf_cottage,
          uniq_edmund
D:7:      layout_basic, old_standard_altar,
          mainiacjoe_overflow_concentric_impassable, nemelex_spade_bored_becter,
          riverfiend_overflow_shadow_ancestor
D:8:      minmay_chambers_of_fours, layout_gridville, nicolae_uskayaw_suspiria,
          grunt_ministairs_1, uniq_joseph, uniq_psyche
D:9:      layout_stronghold
D:10:     layout_loops_ring, mainiacjoe_overflow_small_starburst,
          lemuel_round_altar, erik_lair_dragon, serial_shops, shop, minivault_5
D:11:     layout_basic, minivault_11, hangedman_decor_slide_cut,
          nrook_guardian_serpent_double
D:12:     layout_basic
D:13:     layout_big_octagon, skrybe_vaults_entry_preservation, uniq_erolcha
Temple:   hellmonk_temple_of_storms
Lair:1:   layout_misc_corridors, basic_altar, infiniplex_staircase_pool,
          lemuel_fruit_tree, uniq_urug
Lair:2:   layout_regular_city, nicolae_spider_entry_non_spiders, wad_woods_03
Lair:3:   layout_chaotic_city, minmay_swamp_entry_worms, gauntlet_entry_generic,
          minivault_24, minivault_23, hangedman_lair_unloving_vines,
          pf_torpor_hydra, serial_bayou_shore_b
Lair:4:   layout_cave_pods, slime_entry_1
Lair:5:   minmay_lair_end_enchanted_forest, layout_loops_ring,
          grunt_megastairs_3
Orc:1:    layout_caves, ebering_ghost_disaster_area, nicolae_orc_lost_temple,
          uniq_jorgrun

Notes
Turn   | Place    | Note
-------+----------+-------------------------------------------
     0 | D:1      | kae the Tengu Fire Elementalist began the quest for the
                  | Orb.
     0 | D:1      | Reached XP level 1. HP: 10/10 MP: 4/4
     0 | D:1      | magus.rc [v1.11.3]
   310 | D:1      | Reached skill level 2 in Conjurations
   310 | D:1      | Reached XP level 2. HP: 15/15 MP: 1/6
   381 | D:1      | Learned a level 2 spell: Scorch
  1013 | D:2      | Noticed Natasha
  1023 | D:2      | Killed Natasha
  1024 | D:2      | Reached skill level 3 in Conjurations
  1024 | D:2      | Reached skill level 4 in Fire Magic
  1024 | D:2      | Reached XP level 3. HP: 8/19 MP: 2/7
  1084 | D:2      | Learned a level 3 spell: Inner Flame
  1168 | D:2      | Reached XP level 4. HP: 24/24 MP: 3/8
  1314 | D:2      | Noticed Natasha
  1440 | D:2      | Found Joubb's Book Emporium.
  1908 | D:2      | Reached skill level 4 in Conjurations
  1908 | D:2      | Gained mutation: Your magical nature lets you fly swiftly
                  | and evasively. [Tengu growth]
  1908 | D:2      | Reached XP level 5. HP: 18/28 MP: 0/10
  2044 | D:2      | HP: 5/28 [gnoll/+0 club (8)]
  2454 | D:2      | Killed Natasha
  2565 | D:2      | HP: 7/28 [orc/+0 flail (2)]
  2658 | D:3      | Reached skill level 5 in Fire Magic
  2826 | D:3      | Reached skill level 3 in Spellcasting
  2826 | D:3      | Reached XP level 6. HP: 32/32 MP: 5/11
  2851 | D:3      | Reached skill level 5 in Conjurations
  3109 | D:3      | Found a broken altar of Ashenzari.
  3249 | D:3      | Found a glowing golden altar of the Shining One.
  3518 | D:3      | Found an ancient bone altar of Kikubaaqudgha.
  3527 | D:3      | Found a sacrificial altar of Ru.
  3826 | D:4      | You pick up a book of Blasting and begin reading...
  3826 | D:4      | You add the spells Fulminant Prism, Iskenderun's Mystic
                  | Blast and Lee's Rapid Deconstruction to your library.
  3848 | D:4      | Found a sand-covered staircase.
  3907 | Ossuary  | Entered an ossuary
  4259 | Ossuary  | Reached skill level 6 in Conjurations
  4259 | Ossuary  | Reached skill level 6 in Fire Magic
  4259 | Ossuary  | Reached XP level 7. HP: 36/36 MP: 0/13
  5215 | D:4      | Found a glowing silver altar of Zin.
  5260 | D:4      | Reached skill level 7 in Conjurations
  5422 | D:4      | Found a radiant altar of Vehumet.
  5594 | D:4      | Became a worshipper of Vehumet
  5631 | D:4      | Noticed Grinder
  5656 | D:4      | Killed Grinder
  5657 | D:4      | Reached skill level 4 in Spellcasting
  5657 | D:4      | Reached skill level 7 in Fire Magic
  5657 | D:4      | Reached XP level 8. HP: 41/41 MP: 8/15
  5809 | D:4      | Reached skill level 8 in Conjurations
  6014 | D:4      | Found a shimmering blue altar of Sif Muna.
  6057 | D:5      | Entered Level 5 of the Dungeon
  6066 | D:5      | Learned a level 4 spell: Flame Wave
  6070 | D:5      | Learned a level 3 spell: Kindle Blastsparks
  6194 | D:5      | Noticed Dowan
  6698 | D:5      | Reached skill level 8 in Fire Magic
  6863 | D:5      | Reached * piety under Vehumet
  6863 | D:5      | Offered knowledge of Magic Dart by Vehumet.
  6986 | D:5      | HP: 10/41 [poisoned by a scorpion]
  7237 | D:5      | Noticed Duvessa
  7290 | D:6      | Noticed Edmund
  7291 | D:6      | Reached skill level 9 in Conjurations
  7381 | D:5      | Reached XP level 9. HP: 21/45 MP: 8/17
  7562 | D:5      | Killed Dowan
  7835 | D:5      | Killed Duvessa
  7836 | D:5      | Reached skill level 5 in Spellcasting
  8027 | D:6      | HP: 8/45 [gnoll/bolt of dispelling energy (21)]
  8131 | D:6      | Reached skill level 10 in Conjurations
  8131 | D:6      | Reached skill level 9 in Fire Magic
  8265 | D:6      | Reached skill level 1 in Fighting
  8302 | D:6      | Found a staircase to the Ecumenical Temple.
  8371 | D:6      | HP: 9/48 [gnoll/bolt of dispelling energy (13)]
  8372 | D:6      | Reached skill level 2 in Fighting
  8403 | Temple   | Entered the Ecumenical Temple
  8532 | D:6      | Reached skill level 3 in Dodging
  8727 | D:6      | Killed Edmund
  8728 | D:6      | Reached skill level 3 in Fighting
  9026 | D:6      | Found a runed translucent door.
  9027 | D:6      | Noticed Crazy Yiuf
  9047 | D:6      | Killed Crazy Yiuf
  9154 | D:7      | HP: 9/52 [spore (43)]
  9155 | D:7      | Reached skill level 4 in Fighting
  9155 | D:7      | Reached skill level 4 in Dodging
  9572 | D:7      | Found an ornate altar of the Wu Jian Council.
  9588 | D:7      | Reached skill level 5 in Fighting
  9861 | D:7      | Found a sparkling altar of Nemelex Xobeh.
  9937 | D:7      | Reached XP level 10. HP: 59/59 MP: 14/18
  9985 | D:7      | Found a shadowy altar of Dithmenos.
  9986 | D:7      | Found a hazy altar of Hepliaklqana.
 10135 | D:7      | Found a bloodstained altar of Trog.
 10299 | D:7      | You pick up a book of Flames and begin reading...
 10499 | D:8      | Offered knowledge of Momentum Strike by Vehumet.
 10502 | D:8      | Reached ** piety under Vehumet
 10509 | D:8      | Reached skill level 5 in Dodging
 10607 | D:8      | Reached skill level 6 in Fighting
 10721 | D:8      | Learned a level 4 spell: Sticky Flame
 10724 | D:8      | Learned a level 2 spell: Momentum Strike
 10813 | D:8      | Found a hide-covered altar of Uskayaw.
 10981 | D:8      | Noticed Psyche
 10993 | D:8      | Killed Psyche
 11271 | D:8      | Noticed Joseph
 11278 | D:8      | Killed Joseph
 11279 | D:8      | Reached skill level 7 in Fighting
 11361 | D:8      | Reached skill level 6 in Dodging
 12145 | D:9      | Noticed a two-headed ogre
 12389 | D:9      | Noticed a two-headed ogre
 12468 | D:9      | Killed a two-headed ogre
 12469 | D:9      | Reached skill level 8 in Fighting
 12741 | D:9      | Identified the +1 ring mail "Tustaz" {Harm Regen+ Dex+4}
 12996 | D:10     | Entered Level 10 of the Dungeon
 13061 | D:10     | Reached skill level 7 in Dodging
 13066 | D:10     | Offered knowledge of Hailstorm by Vehumet.
 13250 | D:10     | Noticed a centaur warrior
 13257 | D:10     | HP: 13/65 [centaur warrior/arrow (24)]
 13264 | D:10     | Killed a centaur warrior
 13265 | D:10     | Reached skill level 9 in Fighting
 13265 | D:10     | Reached XP level 11. HP: 28/71 MP: 13/19
 13369 | D:10     | Found Eraisud's Armour Emporium.
 13437 | D:10     | Found a basalt altar of Yredelemnul.
 13506 | D:10     | Reached *** piety under Vehumet
 13661 | D:10     | Found a staircase to the Orcish Mines.
 14059 | D:10     | Reached skill level 10 in Fighting
 14059 | D:10     | Reached skill level 8 in Dodging
 14063 | D:10     | Reached skill level 10 in Fire Magic
 14067 | D:10     | Offered knowledge of Ignite Poison by Vehumet.
 14456 | D:10     | You pick up a book of Winter and begin reading...
 14456 | D:10     | You add the spells Ozocubu's Armour, Metabolic Englaciation
                  | and Simulacrum to your library.
 14520 | D:10     | Reached skill level 9 in Dodging
 14590 | D:10     | Found a white marble altar of Elyvilon.
 14810 | D:10     | Found a staircase to the Lair.
 15287 | Lair:1   | Entered Level 1 of the Lair of Beasts
 15289 | Lair:1   | Noticed Urug
 15357 | D:10     | Reached skill level 6 in Spellcasting
 15434 | Lair:1   | Reached skill level 1 in Armour
 15513 | Lair:1   | Killed Urug
 15514 | Lair:1   | Reached skill level 3 in Armour
 15643 | Lair:1   | Reached skill level 4 in Armour
 15676 | Lair:1   | Identified the ring "Akyseng" {Str+6 Dex+6}
 15703 | Lair:1   | You pick up a book of Debilitation and begin reading...
 15703 | Lair:1   | You add the spells Slow, Vampiric Draining and Confusing
                  | Touch to your library.
 15824 | Lair:1   | Found a sparkling altar of Nemelex Xobeh.
 15846 | Lair:1   | Reached **** piety under Vehumet
 15847 | Lair:1   | Reached skill level 3 in Stealth
 16420 | Lair:2   | Reached skill level 4 in Stealth
 16547 | Lair:2   | Reached XP level 12. HP: 32/77 MP: 11/22
 16548 | Lair:2   | Reached skill level 5 in Stealth
 16636 | Lair:2   | Offered knowledge of Arcjolt by Vehumet.
 16978 | Lair:2   | Found a hole to the Spider Nest.
 17183 | Lair:2   | Reached skill level 10 in Dodging
 17376 | Lair:2   | Noticed a boulder beetle
 17390 | Lair:2   | Killed a boulder beetle
 17545 | Lair:2   | Reached skill level 11 in Fighting
 17904 | Lair:3   | Found a runed translucent door.
 17910 | Lair:3   | Noticed a four-headed hydra
 17984 | Lair:3   | Reached ***** piety under Vehumet
 17989 | Lair:3   | Reached skill level 11 in Dodging
 17992 | Lair:3   | Found a gate leading to a gauntlet.
 18004 | Lair:2   | Offered knowledge of Olgreb's Toxic Radiance by Vehumet.
 18171 | Gauntlet | Entered a Gauntlet
 18171 | Gauntlet | Found a transporter.
 18171 | Gauntlet | Found a transporter.
 18208 | Gauntlet | Found a transporter.
 18208 | Gauntlet | Found a transporter.
 18218 | Gauntlet | Found a transporter.
 18222 | Gauntlet | Found a transporter.
 18232 | Gauntlet | Found a transporter.
 18252 | Gauntlet | Noticed a blizzard demon
 18253 | Gauntlet | Found a transporter.
 18256 | Gauntlet | Found a transporter.
 18262 | Gauntlet | Found a transporter.
 18270 | Gauntlet | Found a transporter.
 18274 | Gauntlet | Found a transporter.
 18542 | Lair:3   | Noticed a boulder beetle
 18710 | Lair:3   | Killed a boulder beetle
 18711 | Lair:3   | Reached skill level 12 in Fighting
 18712 | Lair:3   | Noticed an eight-headed hydra
 18964 | Lair:3   | Killed an eight-headed hydra
 18964 | Lair:3   | Found a staircase to the Swamp.
 19592 | Lair:3   | Reached XP level 13. HP: 86/86 MP: 9/23
 19749 | Lair:3   | Reached skill level 12 in Dodging
 19820 | Lair:4   | Found a viscous altar of Jiyva.
 19820 | Lair:4   | Found a staircase to the Slime Pits.
 20399 | Lair:4   | You pick up a book of Sloth and begin reading...
 20399 | Lair:4   | You add the spells Petrify and Statue Form to your library.
 21005 | Lair:5   | Entered Level 5 of the Lair of Beasts
 21103 | Lair:4   | HP: 4/87 [polar bear (21)]
 21108 | Lair:4   | Reached skill level 13 in Fighting
 21201 | Lair:5   | Reached skill level 13 in Dodging
 22592 | Lair:5   | Reached skill level 14 in Dodging
 22593 | Lair:5   | Reached skill level 14 in Fighting
 23403 | Lair:5   | Reached XP level 14. HP: 96/96 MP: 15/24
 23642 | Lair:5   | Reached skill level 1 in Staves
 24054 | D:11     | You pick up a book of Sloth and begin reading...
 24067 | D:11     | Reached skill level 2 in Staves
 24218 | D:11     | You pick up a book of Conjurations and begin reading...
 24218 | D:11     | You add the spells Magic Dart and Searing Ray to your
                  | library.
 24530 | D:11     | Reached skill level 3 in Staves
 25109 | Orc:1    | Entered Level 1 of the Orcish Mines
 25150 | Orc:1    | Offered knowledge of Yara's Violent Unravelling by Vehumet.
 25350 | Orc:1    | Found a large runed translucent door.
 25350 | Orc:1    | Found a large runed translucent door.
 25352 | Orc:1    | Noticed Laemies's ghost (journeyman DsAK)
 25548 | Orc:1    | Noticed Jorgrun
 25789 | D:12     | Reached skill level 7 in Spellcasting
 25979 | D:12     | Reached skill level 4 in Staves
 26390 | D:12     | Reached skill level 11 in Fire Magic
 26822 | D:13     | HP: 16/96 [centaur warrior/arrow (21)]
 27010 | D:10     | HP: 10/96 [Jorgrun/iron shot (24)]
 27010 | D:10     | HP: 3/96 [constriction (7)]
 27011 | D:10     | HP: 1/96 [constriction (2)]
 27012 | D:10     | Killed from afar by Jorgrun

Vanquished Creatures
  2 hydras (Lair:3)
  A catoblepas (Lair:4)
  3 centaur warriors
  2 boulder beetles
  A two-headed ogre (D:9)
  A tengu warrior (D:13)
  Urug (Lair:1)
  An ugly thing (D:11)
  2 cyclopes (D:12)
  2 manticores
  A black mamba (Lair:4)
  17 elephants
  Joseph (D:8)
  A guardian serpent (D:11)
  A torpor snail (Lair:3)
  A gargoyle (D:12)
  9 cane toads
  Psyche (D:8)
  5 rime drakes
  5 komodo dragons
  6 trolls
  5 hornets (Lair:5)
  A polar bear (Lair:4)
  A tyrant leech (Lair:3)
  Grinder (D:4)
  11 blink frogs
  4 slime creatures (D:10)
  5 dream sheep
  A shadow (D:11)
  7 wyverns
  12 spriggans (Lair:5)
  2 wraiths
  10 basilisks
  34 yaks
  2 wargs (Orc:1)
  Edmund (D:6)
  9 vampire mosquitoes
  12 water moccasins
  Duvessa (D:5)
  A swamp drake (D:10)
  10 orc warriors
  9 black bears
  6 ogres
  4 boggarts (Lair:5)
  29 wolves
  9 centaurs
  A phantom (D:5)
  2 elf zombies (Ossuary)
  2 kobold brigands
  13 bullfrogs
  6 scorpions
  Dowan (D:5)
  9 wights
  3 killer bees (D:11)
  2 howler monkeys
  2 centaur zombies (Ossuary)
  A lava snake (D:8)
  7 hounds
  A jelly (D:6)
  Crazy Yiuf (D:6)
  11 orc priests
  2 gnoll boudas (D:9)
  Natasha (twice) (D:2)
  8 orc wizards
  5 hell rats (Lair:5)
  3 ogre zombies (Ossuary)
  7 mummies (Ossuary)
  19 gnolls
  15 adders
  3 shadow imps
  An ufetubus (D:6)
  4 adder zombies (Ossuary)
  3 worms (Lair:2)
  3 dart slugs
  45 orcs
  3 endoplasms
  3 giant cockroaches
  2 gnoll zombies (Ossuary)
  3 goblins
  7 hobgoblins
  2 quokkas
  7 ball pythons
  6 bats
  4 frilled lizards
  4 goblin zombies (Ossuary)
  A hobgoblin zombie (Ossuary)
  15 kobolds
  3 kobold zombies (Ossuary)
  7 quokka zombies (Ossuary)
  5 rats
  2 rat zombies (Ossuary)
507 creatures vanquished.

Vanquished Creatures (collateral kills)
  10 foxfires
10 creatures vanquished.

Vanquished Creatures (others)
  A shadow (D:12)
  A gnoll (D:6)
  22 demonic plants (Gauntlet)
  1006 foxfires
  61 fungi
  89 plants
1180 creatures vanquished.

Grand Total: 1697 creatures vanquished

Table legend:
 A = Non-vault XP
 B = Vault XP
 C = Vault XP percentage of total XP
 D = Non-vault monster count
 E = Vault monster count
 F = Vault count percentage of total count
                 A         B        C        D         E       F
            +---------+---------+-------+---------+---------+-------
      Total |   51469 |   19378 |  27.4 |     384 |     124 |  24.4
            +---------+---------+-------+---------+---------+-------
        D:1 |      32 |       0 |   0.0 |      20 |       0 |   0.0
        D:2 |     187 |      35 |  15.8 |      27 |       1 |   3.6
        D:3 |     182 |       0 |   0.0 |      17 |       0 |   0.0
        D:4 |     444 |     272 |  38.0 |      14 |       1 |   6.7
        D:5 |     692 |     241 |  25.8 |      25 |       4 |  13.8
        D:6 |    1036 |     214 |  17.1 |      16 |       2 |  11.1
        D:7 |     898 |       0 |   0.0 |      18 |       0 |   0.0
        D:8 |     621 |    1082 |  63.5 |       9 |       4 |  30.8
        D:9 |    1634 |       0 |   0.0 |      23 |       0 |   0.0
       D:10 |    6344 |     912 |  12.6 |      41 |       5 |  10.9
       D:11 |    5553 |     442 |   7.4 |      30 |       1 |   3.2
       D:12 |    4777 |     214 |   4.3 |      19 |       1 |   5.0
       D:13 |       0 |    1660 | 100.0 |       0 |       2 | 100.0
     Lair:1 |    1981 |     798 |  28.7 |      15 |       1 |   6.2
     Lair:2 |    6927 |    1176 |  14.5 |      28 |       8 |  22.2
     Lair:3 |    5632 |    1570 |  21.8 |      17 |       3 |  15.0
     Lair:4 |    6090 |     984 |  13.9 |      20 |       2 |   9.1
     Lair:5 |    6333 |    9238 |  59.3 |      18 |      52 |  74.3
      Orc:1 |    2106 |       0 |   0.0 |      27 |       0 |   0.0
    Ossuary |       0 |     540 | 100.0 |       0 |      37 | 100.0
            +---------+---------+-------+---------+---------+-------

Illustrated notes

Table legend:
 A = Kills in this place as a percentage of kills in entire the game.
 B = Kills by you in this place as a percentage of kills by you in the entire game.
 C = Kills by friends in this place as a percentage of kills by friends in the entire game.
 D = Other kills in this place as a percentage of other kills in the entire game.
 E = Experience gained in this place as a percentage of experience gained in the entire game.
 F = Experience gained in this place divided by the number of levels of this place that you have seen.
                   A       B       C       D       E      F
               +-------+-------+-------+-------+-------+----------------------
         Total | 100.0 | 100.0 |   N/A | 100.0 | 100.0 | 3220.3
       Dungeon |  55.1 |  55.0 |   N/A | 100.0 |  38.8 | 2113.2
          Lair |  32.3 |  32.3 |   N/A |   0.0 |  57.5 | 8145.8
  Orcish Mines |   5.3 |   5.3 |   N/A |   0.0 |   3.0 | 2106.0
       Ossuary |   7.3 |   7.3 |   N/A |   0.0 |   0.8 | 540.0
               +-------+-------+-------+-------+-------+----------------------

Table legend: (Time is in decaauts)
 A = Elapsed time spent in this place.
 B = Non-inter-level travel time spent in this place.
 C = Inter-level travel time spent in this place.
 D = Time resting spent in this place.
 E = Time spent auto-exploring this place.
 F = Levels seen in this place.
 G = Mean time per level.
                   A        B        C        D        E       F      G
               +--------+--------+--------+--------+--------+-----+--------+
         Total |  25694 |  24341 |   1353 |   3899 |  15746 |  22 | 1167.9 |
       Dungeon |  15849 |  14758 |   1091 |   2142 |  10036 |  13 | 1219.2 |
        Temple |    110 |    110 |      0 |    109 |      0 |   1 |  110.0 |
          Lair |   7680 |   7421 |    259 |   1573 |   4308 |   5 | 1536.0 |
  Orcish Mines |    515 |    513 |      2 |      0 |    342 |   1 |  515.0 |
       Ossuary |   1261 |   1261 |      0 |     72 |    912 |   1 | 1261.0 |
      Gauntlet |    277 |    277 |      0 |      3 |    146 |   1 |  277.0 |
               +--------+--------+--------+--------+--------+-----+--------+

Top non-repeatable levels by time:
    D:10: 2249 daAuts
  Lair:5: 2157 daAuts
     D:5: 1860 daAuts
  Lair:4: 1673 daAuts
     D:2: 1601 daAuts
  Lair:2: 1538 daAuts
     D:8: 1279 daAuts
     D:9: 1262 daAuts
 Ossuary: 1261 daAuts
  Lair:3: 1236 daAuts
     D:6: 1189 daAuts
    D:11: 1111 daAuts
    D:12: 1097 daAuts
     D:7: 1081 daAuts
  Lair:1: 1074 daAuts
